 Dungeon Crawl Stone Soup version 0.19-a0-1899-g2d93087 (webtiles) character file.

23 Amnesiac the Sneak (level 3, -2/16 HPs)
             Began as a Vine Stalker Enchanter on Oct 19, 2016.
             Slain by an orc
             ... wielding a +0 hand axe of flaming
              (5 damage)
             ... on level 4 of the Dungeon.
             The game lasted 00:02:01 (631 turns).

Amnesiac the Sneak (Vine Stalker Enchanter)          Turns: 631, Time: 00:02:02

Health: -2/16      AC:  3    Str: 10    XL:     3   Next: 0%
Magic:  0/8        EV: 12    Int: 15    God:
Gold:   70         SH:  0    Dex: 15    Spells: 2 memorised, 4 levels left

rFire  . . .     SeeInvis .     a - +1 dagger
rCold  . . .     Gourm    .     b - +1 robe
rNeg   . . .     Faith    .     (no shield)
rPois  .         Spirit   +     (no helmet)
rElec  .         Reflect  .     (no cloak)
rCorr  .         Harm     .     (no gloves)
MR     .....                    (no boots)
Stlth  +++.......               (no amulet)
                                (no ring)
                                (no ring)

@: no status effects
A: fangs 2, magic shield, antimagic bite, no device heal 3, rot immunity
a: no special abilities


You were on level 4 of the Dungeon.
You were not hungry.

You visited 1 branch of the dungeon, and saw 4 of its levels.

You collected 70 gold pieces.

Inventory:

Hand Weapons
 a - a +1 dagger (weapon)
Armour
 b - a +1 robe (worn)
Wands
 i - a wand of slowing (10/48)
Scrolls
 f - a scroll of identify {unknown}
 g - a scroll of immolation {unknown}
 h - a scroll of teleportation {unknown}
 j - 2 scrolls of magic mapping {unknown}
Potions
 e - a potion of agility {unknown}
Books
 c - a book of Maledictions

   Spells                             Type                      Level
   a - Corona                         Hexes                        1
   b - Ensorcelled Hibernation        Hexes/Ice                    2
   c - Confuse                        Hexes                        3
   d - Tukima's Dance                 Hexes                        3
   e - Dazzling Spray                 Conjuration/Hexes            3
Comestibles
 d - a bread ration


   Skills:
 + Level 1.1 Short Blades
 - Level 1.5 Dodging
 - Level 4.1 Stealth
 - Level 3.0 Spellcasting
 - Level 3.0 Hexes


You had 4 spell levels left.
You knew the following spells:

 Your Spells              Type           Power        Failure   Level  Hunger
a - Corona                Hex            ##.....      8%          1    #......
f - Confuse               Hex            ##......     21%         3    ###....


Dungeon Overview and Level Annotations

Branches:
Dungeon (4/15)
 Temple: D:4-7

Altars:

Shops:
D:4 }


Innate Abilities, Weirdness & Mutations

You have extremely sharp teeth.
When hurt, damage is shared between your health and your magic reserves.
Your bite disrupts and absorbs the magic of your enemies.
Potions and wands cannot restore your health.
You are immune to rotting.


Message History

The orc is moderately wounded.
The orc wizard points at you and mumbles some strange words.
The magic dart hits you! The orc misses you.
Press: ? - help, v - describe, . - travel
Here: an orc, wielding a hand axe of flaming and wearing a scale mail (moderately wounded)
The floor.
You barely miss the orc.
The orc is moderately wounded.
The orc hits you but does no damage.
You hit the orc but do no damage.
The orc is moderately wounded.
The orc hits you with a hand axe of flaming.
* * * LOW HITPOINT WARNING * * *
The orc burns you.
You closely miss the orc. You bite the orc, but do no damage.
The orc is moderately wounded.
You hit the orc but do no damage. You bite the orc, but do no damage.
The orc is moderately wounded.
The orc hits you with a hand axe of flaming.
You die...

.......##.#..........#.# #.#
#.#.#................#.####.##
..(....#......≈.≈....#.......#
#..........#o≈≈.≈≈...#########
#......#.#.#.≈≈∩≈≈.#.#####.###
#....#.#.#.#.≈≈≈≈≈...........#
#(...#.# #.#.#≈≈≈....#####.###
#....#.# #.#.#o#.#######.#
#....# # #.#@.....#....# ....#
#.....##.#.#### #.######.#.#
#.. ..#.#.# #.# #.#.#.# #.#
#.#.#.# #.# #.#.#.# #.#
#.#.#.# #.# #.#.#.######


You could see an orc wizard and an orc.

Vanquished Creatures
  An adder (D:4)
  A dart slug (D:4)
  A ball python (D:1)
  2 hobgoblins (D:2)
  A kobold (D:2)
  2 bats
  A frilled lizard (D:2)
  2 goblins (D:1)
  4 rats
15 creatures vanquished.

Notes
Turn   | Place    | Note
-------+----------+-------------------------------------------
     0 | D:1      | Amnesiac the Vine Stalker Enchanter began the quest for the Orb.
     0 | D:1      | Reached XP level 1. HP: 9/9 MP: 4/4
    40 | D:1      | Reached skill level 1 in Short Blades
   203 | D:2      | Found a faded altar of an unknown god.
   215 | D:2      | Reached XP level 2. HP: 13/13 MP: 6/6
   345 | D:4      | Reached skill level 4 in Stealth
   391 | D:4      | Found Woom's Gadget Shoppe.
   555 | D:4      | Reached XP level 3. HP: 14/16 MP: 8/8
   560 | D:4      | Learned a level 3 spell: Confuse
   631 | D:4      | Slain by an orc

Vault maps used:
D:1:      erik_arrival_orb_chamber
D:2:      ecumenical_altar_2
D:3:      tso_altar
D:4:      serial_shops, nicolae_shop_waterfront, uniq_eustachio, uniq_grinder,
          uniq_blork_the_orc, uniq_pikel, uniq_sigmund

Skill      XL: |  1  2 |
---------------+-------+-----
Short Blades   | 1 |  1.1
Spellcasting   | 3 |  3.0
Stealth        | 4 |  4.1
Dodging        | |  1.5
Hexes          | |  3.0

Action                   || total
-------------------------++-------
Melee: Dagger            ||    48
       Bite              ||     9
 Stab: Sleeping          ||     7
Armor: Robe              ||    10
Dodge: Dodged            ||    35
